Map: Thunderbird LE

Players

fred

  • Race: Terran Terran
  • League: Platinum
  • Spawn Location: 5:00

NoStormPls - Winner!

  • Race: Terran Terran
  • League: Silver
  • Spawn Location: 11:00

VOD

Have the link to the VOD?

Description

Time

  • Played on: Aug. 30, 2019, 5:50 p.m.
  • Length: 29:38
Show
View Real Time Build Order
Export as new Build Order

fred Terran 

Build Orders: Mech 

Get SALT Encoding   

  12  0:03  SCV  
  13  0:15  SCV  
  13  0:20  Supply Depot  
  14  0:27  SCV  
  15  0:34  Refinery  
  15  0:42  SCV  
  16  0:51  Barracks  
  16  0:55  SCV  
  17  1:07  SCV  
  18  1:19  SCV  
  19  1:32  Command Center  
  19  1:33  SCV  
  20  1:41  Marine  
  21  1:49  Factory  
  21  1:53  SCV  
  22  1:59  Barracks Tech Lab  
  22  2:11  Orbital Command  
  22  2:18  Marine  
  23  2:45  Siege Tank  
  23  2:47  Marine  
  23  2:49  Orbital Command  
  23  2:50  SCV  
  28  3:02  Command Center  
  28  3:06  SCV  
  28  3:07  Marine  
  29  3:18  Siege Tank  
  28  3:27  Marine  
  28  3:32  SCV  
  28  3:33  SCV  
  30  3:42  Refinery  
  30  3:44  SCV  
  30  3:45  SCV  
  32  3:51  Bunker  
  32  3:56  Engineering Bay  
  32  3:57  Orbital Command  
  32  4:01  Starport  
  32  4:02  Marine  
  33  4:08  SCV  
  34  4:20  SCV  
  34  4:23  Refinery  
  35  4:24  SCV  
  35  4:26  Refinery  
  36  4:32  Marine, Siege Tank, SCV  
  41  4:43  Starport Reactor  
  41  4:44  Missile Turret  
  41  4:47  SCV  
  41  4:48  SCV x2  
  44  4:57  Bunker  
  44  4:59  SCV  
  45  5:01  Orbital Command  
  45  5:04  Siege Tank  
  48  5:08  Marine  
  48  5:10  SCV  
  48  5:12  SCV  
  51  5:16  Factory  
  51  5:22  SCV  
  51  5:24  SCV  
  51  5:27  Orbital Command  
  51  5:28  Supply Depot  
  53  5:30  Supply Depot  
  53  5:49  Marine, Viking x2, Missile Turret  
  58  5:57  SCV x2, Missile Turret  
  58  5:58  SCV  
  61  6:09  SCV  
  61  6:10  Marine, SCV x2  
  65  6:13  Factory Tech Lab  
  65  6:14  Siege Tank  
  68  6:21  SCV  
  68  6:22  SCV  
  68  6:25  SCV  
  69  6:29  Supply Depot  
  69  6:33  Supply Depot  
  69  6:49  Bunker  
  69  6:50  Viking  
  69  6:51  Siege Tank, SCV x3  
  69  6:53  Supply Depot  
  77  6:55  Supply Depot  
  77  6:57  Bunker  
  77  7:03  SCV x3  
  77  7:04  Command Center  
  80  7:09  Missile Turret  
  80  7:16  Missile Turret  
  80  7:17  Supply Depot  
  80  7:19  SCV x3  
  83  7:27  Missile Turret  
  83  7:30  Missile Turret  
  83  7:31  SCV  
  83  7:32  Marine  
  85  7:39  Siege Tank x2  
  91  7:45  Factory  
  91  7:47  Sensor Tower  
  91  7:49  SCV  
  91  7:50  Marine, SCV x2  
  95  7:53  Missile Turret  
  95  7:54  Missile Turret  
  95  7:55  Refinery  
  95  7:57  Refinery  
  95  8:02  SCV x2  
  97  8:08  Marine  
  98  8:15  SCV x3  
  98  8:19  Supply Depot  
  101  8:23  Siege Tank x2  
  101  8:24  Viking x2  
  111  8:33  Starport  
  111  8:36  Starport  
  111  8:38  Armory  
  111  8:41  Armory  
  111  8:42  Supply Depot  
  111  8:47  Hi-Sec Auto Tracking  
  111  8:49  SCV x3  
  111  8:54  Viking  
  116  9:01  SCV  
  117  9:05  Supply Depot  
  117  9:17  Missile Turret  
  117  9:27  Fusion Core, Factory Reactor  
  117  9:29  Siege Tank x2, Supply Depot  
  123  9:32  Starport Tech Lab  
  123  9:33  Starport Reactor, Viking  
  123  9:34  Viking  
  123  9:36  Terran Ship Weapons Level 1  
  123  9:37  Terran Vehicle And Ship Armor Level 1  
  127  9:41  SCV x3  
  130  9:52  Supply Depot  
  130  9:53  SCV x2  
  130  9:54  Command Center  
  132  10:01  Siege Tank x2  
  132  10:03  Viking x2  
  142  10:11  Raven  
  144  10:15  SCV x3, Supply Depot  
  147  10:27  SCV  
  148  10:30  Hellbat x2  
  148  10:33  Siege Tank, Hellbat  
  157  10:42  Orbital Command  
  157  10:51  Hellion  
  157  10:52  SCV x2  
  119  11:31  Terran Vehicle Weapons Level 1  
  112  11:44  Siege Tank x2  
  112  11:45  Hellbat x2  
  107  12:03  Command Center  
  107  12:04  Command Center  
  107  12:05  SCV x4  
  109  12:10  Refinery  
  109  12:13  Refinery  
  109  12:16  Siege Tank x2  
  109  12:17  SCV x2  
  117  12:29  Missile Turret  
  116  12:35  Liberator x3  
  116  12:36  Liberator, Hellbat x2  
  120  12:38  Command Center, Missile Turret  
  120  12:40  Liberator, Command Center  
  120  12:42  Missile Turret  
  120  12:43  Missile Turret x2  
  118  12:45  Terran Vehicle And Ship Armor Level 2  
  118  12:48  Thor x2  
  118  12:49  Advanced Ballistics  
  140  12:59  Supply Depot  
  140  13:00  Supply Depot  
  140  13:01  Supply Depot, Missile Turret  
  140  13:04  SCV x3  
  140  13:05  Ghost Academy, Refinery x2  
  140  13:15  SCV  
  140  13:16  Hellbat x2  
  145  13:24  Supply Depot  
  145  13:25  Supply Depot, Terran Ship Weapons Level 2  
  142  13:27  Supply Depot  
  142  13:30  SCV x4  
  142  13:31  Thor  
  152  13:35  Ghost Academy  
  151  13:42  SCV x2  
  151  13:44  Missile Turret  
  151  13:48  Supply Depot, Orbital Command  
  148  13:49  Supply Depot  
  148  13:52  Supply Depot  
  140  14:06  Missile Turret  
  138  14:11  SCV x3  
  138  14:12  SCV  
  142  14:19  Planetary Fortress  
  142  14:20  Planetary Fortress  
  142  14:23  SCV  
  143  14:27  Sensor Tower  
  143  14:30  Liberator x3  
  143  14:31  Liberator x2  
  142  14:36  Siege Tank  
  142  14:37  Siege Tank  
  142  14:38  Hellbat x2  
  167  14:59  Hellbat  
  161  15:00  Command Center, Hellion  
  145  15:09  Siege Tank, Hellion  
  145  15:12  Liberator  
  140  15:20  Missile Turret  
  140  15:21  Hellion x2  
  144  15:30  Hellion  
  144  15:35  Missile Turret  
  148  15:39  Viking x4  
  148  15:41  Hellion  
  150  16:09  Viking x4  
  150  16:10  Personal Cloaking  
  158  16:12  Viking  
  158  16:14  Nuke  
  158  16:17  Refinery  
  160  16:21  Liberator  
  160  16:22  Liberator x2  
  160  16:26  Refinery  
  169  16:40  Refinery  
  168  16:47  Missile Turret  
  168  16:52  Factory  
  168  17:04  Missile Turret  
  168  17:13  Terran Ship Weapons Level 3  
  168  17:15  Terran Vehicle Weapons Level 2  
  165  17:23  Viking x4  
  165  17:24  Viking  
  167  17:30  Hellbat x2  
  167  17:31  Widow Mine  
  167  17:33  Infernal Pre-Igniter  
  167  17:35  Drilling Claws  
  167  17:36  Factory, Enhanced Shockwaves  
  154  17:42  Siege Tank  
  133  17:53  Viking x2  
  120  17:59  Hellion x2  
  120  18:00  Hellion x2  
  120  18:02  Orbital Command  
  104  18:14  Hellion  
  106  18:21  Hellion x2  
  111  18:27  Liberator x2, Hellbat x3  
  111  18:36  Hellbat  
  107  18:42  Hellion x2  
  107  18:46  Viking  
  107  18:48  Hellion x2, Thor, Barracks Tech Lab  
  123  18:52  Mag-Field Accelerator  
  125  18:57  Thor  
  112  19:03  Hellion  
  112  19:25  Refinery  
  112  19:28  SCV x6  
  112  19:29  Refinery  
  112  19:31  Terran Vehicle And Ship Armor Level 3, Thor  
  124  19:40  SCV  
  124  19:42  Missile Turret  
  125  19:50  Siege Tank  
  125  19:51  Hellion x2  
  125  19:52  Hellion x2  
  136  20:08  Weapon Refit  
  136  20:12  Command Center  
  136  20:13  Hellion x2, Widow Mine x2  
  147  20:14  Siege Tank  
  147  20:22  Siege Tank  
  150  20:33  Missile Turret  
  150  20:34  Widow Mine x3  
  150  20:35  Widow Mine  
  117  20:46  Siege Tank  
  117  20:47  Orbital Command, Refinery  
  114  20:51  Liberator  
  114  20:54  Siege Tank  
  102  21:07  Viking, Battlecruiser  
  102  21:08  Viking x2  
  102  21:10  Refinery  
  106  21:20  Liberator  
  98  21:30  Missile Turret  
  97  21:40  Orbital Command  
  97  21:41  Liberator, Command Center  
  97  21:45  Missile Turret  
  97  21:52  Factory Reactor  
  97  21:53  Hellion  
  97  21:54  Hellbat x2  
  103  21:55  Siege Tank x2  
  110  22:15  Hellion, Widow Mine x2  
  116  22:27  Siege Tank, Hellion  
  121  22:36  Hellion  
  123  22:52  Missile Turret  
  123  22:55  Refinery  
  123  23:00  Siege Tank x2  
  99  23:32  Siege Tank x2, Hellion  
  99  23:33  Hellion x2, Hellbat  
  113  23:41  Factory Reactor  
  113  23:52  Planetary Fortress  
  113  23:54  Hellion x4  
  113  23:55  Refinery  
  121  23:56  Refinery  
  121  24:04  Refinery  
  121  24:18  Ghost  
  123  24:24  Terran Vehicle Weapons Level 3  
  123  24:28  Neosteel Armor  
  123  24:33  SCV x5  
  123  24:37  SCV x2  
  130  24:45  SCV x4  
  133  24:47  Ghost  
  136  25:01  Missile Turret  
  136  25:15  Ghost  
  138  25:26  Missile Turret  
  138  25:44  Ghost  
  140  26:09  Viking x2  
  140  26:10  Viking x3, Missile Turret  
  147  26:24  Command Center  
  147  26:39  Viking x2  
  149  26:40  Viking  
  151  26:54  Hellion  
  151  26:55  Hellion x7  
  151  27:00  Viking x2  
  149  27:09  Viking x2  
  149  27:10  Viking  
  151  27:16  Refinery  
  139  27:28  Missile Turret  
  135  27:30  Viking x2, Missile Turret  
  134  27:39  Viking x2  
  134  27:40  Refinery  
  123  27:45  Viking  
  115  27:52  Cyclone x2  
  115  27:54  Widow Mine x3  
  127  28:00  Viking x2  
  120  28:09  Command Center  
  110  28:19  Nuke  
  89  28:21  Viking x2  
  89  28:24  Cyclone, Thor  
  59  28:58  Viking  
  59  28:59  Viking x2  
Show
View Real Time Build Order
Export as new Build Order

NoStormPls Terran - Winner!

Build Orders:  

Get SALT Encoding   

  12  0:01  SCV  
  13  0:13  SCV  
  14  0:17  Supply Depot  
  14  0:25  SCV  
  14  0:27  Refinery  
  15  0:39  SCV  
  16  0:50  Barracks  
  16  0:51  SCV  
  17  1:03  SCV  
  18  1:09  Barracks  
  18  1:15  SCV  
  19  1:27  SCV  
  20  1:37  Reaper  
  20  1:39  SCV  
  22  1:41  Supply Depot  
  22  1:52  Orbital Command  
  22  1:57  Reaper  
  23  2:06  Refinery  
  23  2:12  Reaper  
  24  2:24  Command Center  
  25  2:30  Reaper  
  25  2:33  SCV  
  26  2:44  Reaper  
  26  2:45  SCV  
  28  2:57  SCV  
  29  3:01  Supply Depot  
  29  3:02  Reaper  
  30  3:09  SCV  
  30  3:37  Orbital Command  
  29  3:43  Factory, Barracks Reactor  
  29  3:44  Barracks Tech Lab  
  28  4:02  SCV x2  
  30  4:05  Command Center  
  30  4:06  Stimpack  
  30  4:07  Marine  
  31  4:14  SCV x2  
  33  4:25  Marine x2  
  33  4:26  Marine, SCV x2  
  38  4:34  Factory Tech Lab  
  38  4:37  Starport  
  38  4:38  SCV  
  38  4:39  SCV  
  38  4:43  Marine x3, Engineering Bay  
  43  4:50  SCV  
  43  4:51  SCV  
  45  4:53  Engineering Bay  
  45  4:55  Siege Tank  
  48  5:01  Marine x3  
  48  5:03  SCV x2  
  53  5:08  Supply Depot  
  53  5:12  Terran Infantry Weapons Level 1  
  53  5:15  SCV  
  53  5:16  Liberator, SCV  
  53  5:17  Missile Turret  
  53  5:19  Marine x3  
  53  5:21  Missile Turret  
  58  5:30  Siege Tank  
  58  5:35  SCV  
  65  5:36  Marine x2  
  65  5:37  Marine  
  65  5:38  SCV  
  65  5:42  Orbital Command  
  69  5:47  SCV  
  70  5:50  SCV  
  70  5:52  Combat Shield  
  70  5:54  Marine x2  
  70  5:55  Marine  
  74  6:07  Refinery  
  74  6:10  Refinery  
  74  6:11  Refinery  
  73  6:12  Marine  
  73  6:16  Refinery  
  74  6:22  Marine x2  
  76  6:26  Terran Infantry Armor Level 1  
  76  6:30  Marine  
  76  6:31  SCV  
  77  6:38  SCV x2  
  77  6:39  Marine  
  79  6:40  Marine, Supply Depot  
  79  6:41  Supply Depot  
  79  6:43  SCV  
  79  6:47  Missile Turret x2  
  82  6:48  Marine  
  82  6:50  SCV x2  
  85  6:55  SCV  
  85  6:57  Marine  
  85  6:58  Marine  
  88  7:02  SCV x2  
  88  7:05  Marine  
  88  7:07  Siege Tank, SCV  
  95  7:14  SCV x2, Supply Depot  
  95  7:15  Marine  
  97  7:16  Marine  
  97  7:19  SCV  
  97  7:21  Starport Reactor  
  97  7:25  Armory  
  97  7:26  SCV  
  98  7:33  Marine  
  98  7:36  Barracks  
  99  7:37  Barracks, Supply Depot  
  99  7:40  Siege Tank, Barracks  
  99  7:42  Marine, Barracks  
  99  7:43  Marine  
  104  7:47  SCV  
  104  7:48  SCV x2  
  107  7:51  Marine  
  108  7:58  Supply Depot  
  108  8:00  Marine, Supply Depot  
  108  8:01  Marine  
  110  8:06  Medivac x2  
  110  8:09  Marine  
  110  8:10  SCV  
  110  8:11  SCV x2  
  110  8:12  Siege Tank  
  121  8:18  Marine x2  
  123  8:23  SCV x2, Supply Depot  
  125  8:27  Marine  
  125  8:30  SCV  
  127  8:35  SCV  
  127  8:36  Marine x6, Viking  
  127  8:40  Terran Infantry Weapons Level 2  
  136  8:41  Command Center  
  136  8:45  Marine  
  137  8:53  Marine  
  137  8:54  Marine x5  
  143  8:56  Siege Tank  
  146  9:03  SCV x2  
  146  9:04  SCV  
  148  9:28  Siege Tank  
  151  9:31  Command Center  
  151  9:33  Marine  
  151  9:34  Marine x5  
  151  9:35  Command Center  
  157  9:39  Terran Infantry Armor Level 2  
  157  9:52  Marine x7  
  157  9:53  Viking x2  
  168  10:00  Siege Tank  
  168  10:03  Terran Vehicle Weapons Level 1  
  171  10:10  Marine x7  
  178  10:23  Viking x2  
  182  10:28  Marine x5  
  182  10:32  Siege Tank  
  190  10:37  Marine  
  190  10:38  Marine  
  190  10:42  Supply Depot  
  192  10:46  Marine x5  
  197  10:53  Viking  
  197  10:55  Marine  
  197  10:56  Marine  
  200  11:04  Marine x5, Siege Tank  
  190  11:13  Marine x2  
  168  11:22  Marine x5  
  139  11:31  Marine x2  
  128  11:39  Marine x5  
  133  11:48  Marine  
  133  11:49  Marine  
  135  11:57  Marine x5  
  135  12:05  SCV  
  135  12:06  Marine, SCV x3  
  135  12:07  Marine  
  135  12:10  Siege Tank  
  135  12:15  Marine x5  
  143  12:17  SCV  
  143  12:18  SCV x3  
  147  12:24  Marine  
  147  12:25  Marine  
  147  12:29  SCV  
  147  12:30  SCV x3  
  147  12:33  Marine x5  
  152  12:41  SCV  
  152  12:42  Marine x2, Siege Tank, SCV x3  
  153  12:51  Marine x5  
  158  12:53  SCV  
  158  12:54  SCV  
  160  12:58  SCV  
  160  13:00  Marine x2  
  163  13:07  Viking x2  
  163  13:08  Marine x5  
  172  13:14  Siege Tank  
  172  13:17  Terran Infantry Weapons Level 3  
  172  13:18  Marine x2, Terran Infantry Armor Level 3  
  177  13:22  Factory  
  177  13:24  Factory x2  
  177  13:26  Marine x5  
  182  13:30  Command Center  
  182  13:35  Marine  
  182  13:36  Marine  
  182  13:37  Viking x2  
  184  13:44  Marine x5  
  184  13:46  Siege Tank  
  187  13:53  Marine  
  187  13:54  Marine  
  183  14:02  Marine x5  
  188  14:07  Viking x2  
  184  14:14  Factory Tech Lab x2  
  184  14:15  Factory Tech Lab  
  181  14:18  Siege Tank  
  181  14:20  Marine x4  
  186  14:24  Orbital Command  
  186  14:26  Orbital Command, Refinery  
  186  14:29  Refinery  
  186  14:30  Refinery  
  184  14:34  Refinery  
  184  14:37  Viking x2  
  150  15:13  Marine  
  150  15:14  Marine x6  
  136  15:19  Medivac  
  136  15:20  Medivac  
  146  15:31  Marine x3  
  146  15:32  Marine x4  
  147  15:49  Marine x7, Medivac  
  151  15:50  Medivac  
  151  16:01  Siege Tank  
  151  16:02  Siege Tank x2  
  157  16:07  Marine x7  
  157  16:10  Orbital Command  
  164  16:17  Planetary Fortress  
  164  16:19  Medivac  
  164  16:20  Medivac  
  164  16:24  Marine  
  164  16:25  Marine x6  
  175  16:33  Siege Tank  
  175  16:34  Siege Tank x2  
  175  16:38  Starport  
  175  16:39  Neosteel Armor, Terran Vehicle Weapons Level 2, Starport  
  184  16:42  Marine  
  184  16:43  Marine x6, Armory  
  191  16:49  Medivac x2  
  195  17:00  Marine  
  195  17:01  Marine x4  
  197  17:18  Marine x5  
  192  17:36  Marine x5  
  170  17:53  Marine  
  170  17:54  Marine x6  
  169  18:11  Marine  
  169  18:12  Marine x6  
  142  18:29  Marine  
  142  18:30  Marine x6  
  148  18:47  Marine x6  
  148  18:48  Marine  
  116  19:05  Marine x7  
  116  19:06  Siege Tank x2  
  126  19:11  Viking  
  126  19:12  Viking x3  
  134  19:22  Marine  
  134  19:23  Marine x6  
  141  19:37  Siege Tank  
  141  19:38  Siege Tank x2  
  147  19:40  Marine  
  147  19:41  Marine x6, Viking  
  147  19:42  Viking x3  
  165  19:58  Marine  
  165  19:59  Marine x6  
  172  20:09  Siege Tank  
  172  20:10  Siege Tank x2  
  172  20:11  Viking  
  172  20:12  Viking x3  
  189  20:15  Missile Turret  
  189  20:16  Marine x4  
  189  20:17  Marine  
  189  20:18  Missile Turret  
  194  20:21  Orbital Command  
  194  20:22  Marine  
  194  20:23  Marine  
  196  20:32  Refinery  
  196  20:33  Refinery  
  196  20:34  Marine x4  
  200  20:40  Marine  
  200  20:41  Marine, Siege Tank, Viking  
  200  20:42  Viking  
  199  20:52  Marine  
  196  20:58  Marine  
  196  20:59  Marine  
  168  21:09  Marine  
  164  21:11  Viking  
  164  21:13  Siege Tank  
  164  21:16  Marine x2  
  160  21:27  Marine  
  158  21:34  Marine x3  
  158  21:35  Marine x3  
  164  21:44  Missile Turret  
  164  21:45  Marine, Siege Tank  
  168  21:52  Marine x6  
  172  22:03  Marine  
  172  22:04  Siege Tank x2  
  172  22:07  Starport Tech Lab  
  172  22:08  Starport Tech Lab  
  179  22:09  Marine  
  179  22:10  Marine x5  
  185  22:19  Terran Vehicle And Ship Armor Level 1  
  185  22:21  Marine  
  185  22:22  Terran Ship Weapons Level 1  
  186  22:27  Marine x2  
  186  22:28  Marine x4  
  186  22:29  Starport x2  
  192  22:30  Starport x2  
  192  22:31  Starport  
  192  22:36  Siege Tank x2  
  198  22:38  Marine  
  199  22:45  Marine  
  199  22:49  Missile Turret  
  199  22:50  Missile Turret  
  199  22:52  Missile Turret  
  189  23:08  Siege Tank x2  
  189  23:11  Missile Turret  
  112  23:37  Starport Tech Lab  
  112  23:38  Starport Tech Lab x3  
  112  23:39  Starport Tech Lab  
  112  23:40  Siege Tank x2  
  114  23:44  Fusion Core  
  110  24:05  Viking  
  110  24:06  Viking  
  114  24:12  Siege Tank  
  114  24:13  Siege Tank  
  120  24:35  Viking  
  120  24:36  Viking  
  124  24:48  Battlecruiser x7  
  166  25:05  Viking  
  166  25:06  Viking  
  170  25:08  Command Center  
  170  25:15  Orbital Command  
  165  25:35  Viking  
  166  25:36  Viking  
  163  25:50  Weapon Refit  
  163  25:52  Battlecruiser x2  
  163  25:53  Battlecruiser x3  
  192  26:15  Battlecruiser  
  181  27:15  Battlecruiser  
  181  27:16  Battlecruiser x3  
  175  28:17  Viking  
  175  28:18  Viking x4  
  175  28:19  Viking  
  173  28:20  Viking x3  
  169  28:47  Viking  
  169  28:48  Viking x2  
Tags
 
Composition
Mech
Matchup
TvT
Race
Terran
Spawn Locations
Cross Positions
Add a new tag
Caveats
  • Supply blocks, unpowered buildings, or Contaminate may cause inaccurate times.
  • Supply counts are checked every 10 seconds.